 Dungeon Crawl Stone Soup version 0.29.1-13-g9f3cf754e1 (webtiles) character file.

Game seed: 6293959203712591882

14884 javelincjr the Thaumaturge (level 12, 0/66 HPs)
             Began as a Djinni Conjurer on Feb 7, 2023.
             Was a Follower of Hepliaklqana.
             Slain by a komodo dragon (10 damage)
             ... on level 11 of the Dungeon.
             The game lasted 01:12:59 (16312 turns).

javelincjr the Thaumaturge (Djinni Conjurer)       Turns: 16312, Time: 01:13:00

Health: 0/66       AC: 11    Str:  8    XL:     12   Next: 50%
Gold:   698        EV:  5    Int: 23    God:    Hepliaklqana [*.....] SH: 26 Dex: 12

rFire   + + .      SeeInvis .   d - staff of conjuration
rCold   x . .      Faith    .   c - +18 shield of the Gong {rElec rN+ Will+ EV-5}
rNeg    + . .      Spirit   .   I - +0 acid dragon scales
rPois   ∞          Reflect  .   t - +0 helmet
rElec   +          Harm     .   f - +0 cloak
rCorr   +          Rampage  .   i - +0 pair of gloves
Will    ++...                   (boots unavailable)
Stlth   ++........              (no amulet)
HPRegen 0.21/turn               (no ring)
MPRegen 0.00/turn               (no ring)

@: flying
A: reduced essence, sickness immunity, fire resistance 2, cold vulnerability 1,
float, innate caster, HP casting, extra vitality 1
a: Renounce Religion, Recall Ancestor, Ancestor Identity


You were on level 11 of the Dungeon.
You worshipped Hepliaklqana.
Hepliaklqana was aware of your devotion.
You visited 3 branches of the dungeon, and saw 14 of its levels.
You also visited: Sewer.

You collected 795 gold pieces.
You spent 97 gold pieces at shops.

Inventory:

Hand Weapons
 F - a +2 flail of holy wrath
 H - a +1 flail of protection
 L - a +1 antimagic spear
 O - a +4 scimitar of flaming
Missiles
 l - 3 datura-tipped darts
 u - 4 javelins
 x - 26 poisoned darts
 y - 4 throwing nets
 Q - a curare-tipped dart
Armour
 c - the +18 shield of the Gong (worn) {rElec rN+ Will+ EV-5}
   (You found it on level 9 of the Dungeon)

   It is deafeningly noisy when blocking attacks.
   EV:        It affects your evasion (-5).
   rElec:     It insulates you from electricity.
   rN:        It protects you from negative energy.
   Will:      It increases your willpower.
 f - a +0 cloak (worn)
 i - a +0 pair of gloves (worn)
 t - a +0 helmet (worn)
 v - a +0 kite shield
 I - +0 acid dragon scales (worn)
Magical Staves
 d - a staff of conjuration (weapon)
Jewellery
 P - an amulet of regeneration
 U - a ring of wizardry
Wands
 o - a wand of mindburst (7)
 T - a wand of acid (2)
Scrolls
 a - a scroll of enchant armour
 g - 2 scrolls of noise
 h - 5 scrolls of teleportation
 n - 3 scrolls of magic mapping
 p - 4 scrolls of enchant weapon
 s - 2 scrolls of fear
 A - 2 scrolls of vulnerability {unknown}
 D - a scroll of blinking {unknown}
 E - a scroll of brand weapon {unknown}
 J - a scroll of identify
 K - a scroll of torment {unknown}
 M - a scroll of amnesia {unknown}
 R - a scroll of poison {unknown}
 V - a scroll of summoning {unknown}
Potions
 b - 4 potions of flight {unknown}
 e - a potion of experience {unknown}
 j - 4 potions of attraction {unknown}
 k - a potion of invisibility {unknown}
 m - 5 potions of curing {unknown}
 q - 9 potions of degeneration
 r - 5 potions of brilliance {unknown}
 w - 2 potions of berserk rage {unknown}
 z - 7 potions of heal wounds
 B - 3 potions of ambrosia {unknown}
 C - 4 potions of haste
 G - 3 potions of cancellation {unknown}
 N - a potion of lignification {unknown}
 S - a potion of mutation {unknown}


   Skills:
 + Level 1.8 Fighting
 + Level 5.3 Armour
 + Level 4.6 Dodging
 + Level 5.3 Stealth
 + Level 2.3 Shields
 + Level 13.6 Spellcasting


You had 11 spell levels left.
You knew the following spells:

 Your Spells              Type           Power      Damage    Failure   Level
a - Magic Dart            Conj           100%       1d8       1%          1
b - Searing Ray           Conj           100%       2d8       1%          2
c - Dazzling Flash        Conj/Hex       100%       N/A       1%          3
d - Fulminant Prism       Conj/Hex       43%        3d20      1%          4
e - Iskenderun's Mystic   Conj/Tloc      87%        2d17      1%          4
f - Necrotise             Necr           100%       1d9       1%          1
g - Call Imp              Summ           67%        N/A       1%          2
h - Tukima's Dance        Hex            67%        N/A       1%          3
i - Vampiric Draining     Necr           67%        2d10      1%          3
j - Summon Lightning Spi  Summ/Air       67%        N/A       1%          4
Your spell library was empty.

Dungeon Overview and Level Annotations

Branches:
Dungeon (12/15)            Temple (1/1) D:5            Lair (1/5) D:11
    Orc (0/2) D:11          Sewer (visited)

Altars:
Ashenzari
Cheibriados
Dithmenos
Elyvilon
Fedhas
Gozag
Hepliaklqana
Makhleb
Nemelex Xobeh
Okawaru
Qazlal
Ru
Trog
Uskayaw
Wu Jian
Xom
Yredelemnul
Zin
The Shining One

Shops:
D:8 (   D:9 *   D:10 [([(

Annotations:
D:3 2 transporters, cdecastro's ghost, amateur SpEn
Lair:1 Joseph


Innate Abilities, Weirdness & Mutations

Your life essence is reduced to manifest your ancestor. (-10% HP)
You are immune to sickness and miasma.
You are immune to poison.
Your flesh is very heat resistant. (rF++)
You are vulnerable to cold. (rC-)
You float through the air rather than walking.
You learn spells naturally, not from books.
Your magical power is your life essence.
You have superior vitality. (+4 MHP)


Message History

The yak gores you!
* * * LOW HITPOINT WARNING * * *
Ku-aya completely misses the yak.
You swap places.
You block the yak's attack.
GONNNNG!
Ku-aya barely misses the yak.
You see here a cane toad corpse.
You block the komodo dragon's attack.
BOUMMMMG!
Ku-aya hits the yak but does no damage.
The komodo dragon attacks as you move away!
You block the komodo dragon's attack.
BONNNG!
The bullfrog hits Ku-aya but does no damage.
Casting: Iskenderun's Mystic Blast (dangerous; 1% risk of failure)
Confirm with . or Enter, or press ? or * to list all spells.
You feel a surge of power!
You erupt in a blast of force!
Ku-aya avoids your attack.
The mystic blast hits the komodo dragon!
The komodo dragon is heavily wounded.
The komodo dragon is knocked back by the mystic blast.
The mystic blast hits the yak!!
The yak is almost dead.
The yak is knocked back by the mystic blast.
* * * LOW HITPOINT WARNING * * *
Ku-aya hits the yak.
The yak dies!
Ku-aya hits the bullfrog.
The bullfrog dies!
Casting: Iskenderun's Mystic Blast (dangerous; 1% risk of failure)
Confirm with . or Enter, or press ? or * to list all spells.
You feel a surge of power!
You erupt in a blast of force!
The mystic blast hits the komodo dragon!!
The komodo dragon is almost dead.
The komodo dragon is knocked back by the mystic blast.
* * * LOW HITPOINT WARNING * * *
Ku-aya barely misses the komodo dragon.
The komodo dragon attacks as you move away!
The komodo dragon bites you!
You die...

#......<...# #..##...........
#.........)# #..##........###
#..........# #..##...........
#..........# #..##......####+
#.........[#######).........#....
#...........[......##'#######....
#.......#####'######.............
#.......#.........[..............
#.......#.......@................
#.......#........l.....)...##....
#.......#.........R..###...###...
#.......#............##.....##...
#.......############.#.......#...
#........).........#.#.......#)..
#........#########.#....†...[....
#........# #.#...†.........
#........# #.#....†>.......


You could see the friendly Ku-aya the ancestor and a komodo dragon (ally
target).

Vanquished Creatures
  Snorg (D:11)
  2 hydras
  Erica (D:9)
  Amaemon (D:9)
  Maggie (D:7)
  3 cane toads
  2 vault sentinels (D:9)
  An orange demon (D:9)
  A gargoyle (D:12)
  A komodo dragon (D:11)
  Prince Ribbit (D:7)
  A hornet (D:9)
  4 slime creatures (D:12)
  17 yaks
  A wyvern (D:7)
  A steam dragon (D:10)
  3 wargs (D:11)
  A water moccasin (D:6)
  2 orc warriors
  2 black bears (D:5)
  4 ice beasts
  A sky beast (D:7)
  A swamp drake (D:11)
  5 ogres
  2 centaurs
  3 kobold brigands
  A scorpion (D:7)
  3 necrophages (D:6)
  8 wights (D:8)
  7 killer bees
  A howler monkey (D:5)
  A jelly (D:4)
  4 hounds
  An iron imp (D:5)
  6 orc priests
  5 gnoll boudas
  3 iguanas
  10 orc wizards
  Robin (D:2)
  30 gnolls
  4 river rats (Sewer)
  20 adders
  A shadow imp (D:5)
  2 ufetubi
  A dart slug (D:1)
  A worm (D:2)
  36 orcs
  10 ball pythons
  9 endoplasms
  5 giant cockroaches
  10 hobgoblins
  5 jackals (Sewer)
  17 kobolds
  7 bats
  4 frilled lizards
  9 goblins
  8 rats
  A spectral hobgoblin (D:1)
  A fulminant prism (D:12)
295 creatures vanquished.

Vanquished Creatures (collateral kills)
  A troll (D:9)
  A yak (D:11)
  Edmund (D:5)
  2 orc warriors (D:11)
  A bullfrog (D:11)
  A howler monkey (D:4)
  An iguana (D:4)
  2 orcs (D:11)
  A kobold (D:11)
  A quokka (D:4)
  2 bushes (D:2)
14 creatures vanquished.

Vanquished Creatures (others)
  2 ancestors
  71 fulminant prisms
  28 plants
101 creatures vanquished.

Grand Total: 410 creatures vanquished

Notes
Turn   | Place    | Note
-------+----------+-------------------------------------------
     0 | D:1      | javelincjr the Djinni Conjurer began the quest for the Orb.
     0 | D:1      | javelincjr set off with the following spells memorised:
                  | Magic Dart, Searing Ray, Dazzling Flash, Fulminant Prism,
                  | Iskenderun's Mystic Blast.
     0 | D:1      | Reached XP level 1. HP: 15/15 MP: 0/0
   178 | D:1      | Reached XP level 2. HP: 12/21 MP: 0/0
   593 | D:1      | Reached XP level 3. HP: 12/25 MP: 0/0
   593 | D:1      | Learned a level 1 spell: Necrotise
   889 | D:1      | Reached skill level 4 in Spellcasting
  1261 | D:1      | Found a faded altar of an unknown god.
  1736 | D:2      | Reached XP level 4. HP: 28/31 MP: 0/0
  2494 | D:2      | Reached XP level 5. HP: 31/35 MP: 0/0
  2494 | D:2      | Learned a level 2 spell: Call Imp
  2634 | D:2      | Noticed Robin
  2641 | D:2      | Killed Robin
  3639 | D:3      | Reached skill level 5 in Spellcasting
  3775 | D:3      | Reached XP level 6. HP: 39/40 MP: 0/0
  3957 | D:3      | Found a transporter.
  3958 | D:3      | Found a transporter.
  4023 | D:3      | Noticed cdecastro's ghost (amateur SpEn)
  4355 | D:4      | Found an ornate altar of the Wu Jian Council.
  4360 | D:4      | Noticed a spectral centipede
  4360 | D:4      | Noticed a spectral black mamba
  4360 | D:4      | Noticed a spectral cane toad
  4590 | D:4      | Found a glowing drain.
  4618 | Sewer    | Entered a sewer
  4720 | Sewer    | Reached XP level 7. HP: 38/45 MP: 0/0
  4720 | Sewer    | Learned a level 3 spell: Tukima's Dance
  5158 | Sewer    | Reached skill level 6 in Spellcasting
  5945 | D:4      | Reached skill level 1 in Fighting
  6453 | D:5      | Entered Level 5 of the Dungeon
  6472 | D:5      | Reached XP level 8. HP: 38/52 MP: 0/0
  6629 | D:5      | Reached skill level 7 in Spellcasting
  6862 | D:5      | Found a burning altar of Makhleb.
  7147 | D:5      | Found a staircase to the Ecumenical Temple.
  7152 | D:5      | Noticed Edmund
  7171 | D:5      | Killed Edmund
  7172 | D:5      | Reached XP level 9. HP: 24/57 MP: 0/0
  7172 | D:5      | Learned a level 3 spell: Vampiric Draining
  7193 | Temple   | Entered the Ecumenical Temple
  7773 | D:5      | Found a snail-covered altar of Cheibriados.
  7920 | D:5      | Found an iron altar of Okawaru.
  8015 | D:5      | Reached skill level 8 in Spellcasting
  8605 | D:6      | Reached skill level 9 in Spellcasting
  8828 | D:6      | You are sucked into a shaft and drop 1 floor!
  9396 | D:7      | Noticed Maggie
  9405 | D:7      | Killed Maggie
  9406 | D:7      | Reached XP level 10. HP: 29/62 MP: 0/0
  9846 | D:7      | Noticed Prince Ribbit
  9854 | D:7      | Killed Prince Ribbit
  9855 | D:7      | Reached skill level 10 in Spellcasting
 10837 | D:8      | Found Zemast's Antique Weapon Boutique.
 10928 | D:8      | Reached skill level 1 in Armour
 11215 | D:8      | Found an opulent altar of Gozag.
 11616 | D:9      | Noticed Amaemon
 11616 | D:9      | Noticed an orange demon
 11735 | D:9      | Noticed Erica
 11743 | D:9      | Killed Erica
 11744 | D:9      | Reached skill level 11 in Spellcasting
 11869 | D:9      | Found Ysonnim's General Store.
 11875 | D:9      | Killed an orange demon
 11876 | D:9      | Reached XP level 11. HP: 59/67 MP: 0/0
 11876 | D:9      | Learned a level 4 spell: Summon Lightning Spire
 11980 | D:9      | Killed Amaemon
 11981 | D:9      | Reached skill level 5 in Stealth
 11987 | D:9      | Bought a scroll of enchant armour for 97 gold pieces
 12039 | D:9      | Found a stormy altar of Qazlal.
 12068 | D:9      | Found a blossoming altar of Fedhas.
 12130 | D:9      | Reached skill level 12 in Spellcasting
 12395 | D:9      | Found the +18 shield of the Gong {rElec rN+ Will+ EV-5}
 12848 | D:10     | Entered Level 10 of the Dungeon
 13022 | D:10     | Found Raewk's Antique Weapon Shop.
 13024 | D:10     | Found Teschunae's Antique Armour Shop.
 13027 | D:10     | Found Joblu's Antique Weapon Shop.
 13028 | D:10     | Found Poppenas's Armour Shop.
 13364 | D:10     | Found a glowing silver altar of Zin.
 13371 | D:10     | Found a hazy altar of Hepliaklqana.
 13417 | D:10     | Became a worshipper of Hepliaklqana the Forgotten
 13855 | D:11     | Noticed Snorg
 13873 | D:11     | Killed Snorg
 14276 | D:11     | Found a staircase to the Lair.
 14617 | D:11     | Reached * piety under Hepliaklqana
 14857 | D:11     | Noticed a seven-headed hydra
 14864 | D:11     | Killed a seven-headed hydra
 14865 | D:11     | Reached XP level 12. HP: 46/65 MP: 0/0
 15025 | D:11     | Reached skill level 13 in Spellcasting
 15139 | D:11     | Found a staircase to the Orcish Mines.
 15473 | D:12     | Reached skill level 5 in Armour
 15473 | D:12     | Reached skill level 1 in Shields
 15497 | D:12     | Noticed a boulder beetle
 15807 | Lair:1   | Entered Level 1 of the Lair of Beasts
 15816 | Lair:1   | Noticed a four-headed hydra
 15818 | Lair:1   | Noticed Joseph
 15823 | Lair:1   | HP: 3/65 [rime drake/flash freeze (24)]
 15823 | Lair:1   | Killed a four-headed hydra
 16295 | Lair:1   | Noticed a boulder beetle
 16312 | D:11     | Slain by a komodo dragon

Illustrated notes

Levels and vault maps discovered:
D:1:      minmay_arrival_solitary_statue, layout_basic,
          dreamdust_ecumenical_altar_drowned_temple, serial_rivers,
          chequers_serial_rivers_micro_e, chequers_serial_rivers_micro_e,
          chequers_serial_rivers_small_a, chequers_serial_rivers_small_3
D:2:      layout_basic, serial_forest, infiniplex_forest_lined_1,
          infiniplex_forest_clump_cross, infiniplex_forest_zigzag_1,
          infiniplex_forest_end_double, infiniplex_forest_lined_room_2,
          infiniplex_forest_lined_room_, infiniplex_forest_clump_long,
          infiniplex_forest_lined_1, kennysheep_potato, uniq_crazy_yiuf_cottage,
          uniq_robin
D:3:      layout_basic, led_sif_pool, gammafunk_ghost_gnarly_gnolls
D:4:      layout_basic, pdpol_wu_jian_five_deadly_venoms, lemuel_round_altar,
          gup_sewer_entry_glass
D:5:      layout_basic, makhleb_heckhound_becter, lemuel_crystal_altar,
          chei_slow_surprise, temple_fountains, nrook_pool_corridor, uniq_edmund
D:6:      layout_cave_pools, st_stairs_7
D:7:      layout_gridville, uniq_prince_ribbit1, uniq_maggie
D:8:      layout_rooms, mainiacjoe_overflow_six_doors_small, serial_shops,
          nicolae_shop_statue_plus
D:9:      layout_loops_cross, fedhas_altar_1, nicolae_qazlal_style_of_elements,
          serial_shops, nicolae_shop_waterfront, hellmonk_guarded_unrand_gong,
          uniq_erica, uniq_amaemon
D:10:     layout_stronghold, minitemple, minmay_shop_grid_forest, chequers_jeans
D:11:     layout_stronghold, erik_lair_orcish_takeover, erik_orc_1, uniq_snorg
D:12:     layout_cave_pools
Temple:   bh_familiar_temple
Lair:1:   layout_big_grid, basic_altar, serial_bayou_lagoon_b, uniq_sonja,
          uniq_joseph

Skill      XL: |  1  2  3  4  5  6  7  8  9 10 11 12 |
---------------+-------------------------------------+-----
Spellcasting   | 4 5 6 7 9 11 12 13 | 13.6
Stealth        | 2 3 4 5 |  5.3
Fighting       | 1 |  1.8
Dodging        | 3 4 |  4.6
Armour         | 2 4 5 |  5.3
Shields        | 2 |  2.3

Action                   |  1- 3 |  4- 6 |  7- 9 | 10-12 || total
-------------------------+-------+-------+-------+-------++-------
Melee: Staff             |       |    43 |    26 |     1 ||    70
       Punch             |       |     2 |       |       ||     2
 Cast: Magic Dart        |    61 |   132 |   117 |   111 ||   421
       Searing Ray       |     1 |     9 |    16 |     3 ||    29
       Call Imp          |       |     2 |     1 |       ||     3
       Fulminant Prism   |       |       |    12 |    60 ||    72
       Iskenderun's Myst |       |       |    33 |    48 ||    81
       Tukima's Dance    |       |       |     2 |       ||     2
       Summon Lightning  |       |       |       |     1 ||     1
  Use: Scroll            |       |       |     4 |     1 ||     5
       Potion            |       |       |       |     1 ||     1
Armor: Robe              |     1 |     8 |    11 |       ||    20
       Acid dragon scale |       |       |       |     8 ||     8
Dodge: Dodged            |     4 |    16 |    20 |     5 ||    45
Block: Kite shield       |       |     1 |     7 |    49 ||    57
